 Dungeon Crawl Stone Soup version 0.22.1-2-g9c5b331 (webtiles) character file.

3933 Heatsaber the Cutter (level 10, 0/53 HPs)
             Began as a Vine Stalker Skald on Dec 28, 2018.
             Was a Believer of Sif Muna.
             Succumbed to a hornet's poison
             ... on level 8 of the Dungeon.
             The game lasted 00:44:33 (8369 turns).

Heatsaber the Cutter (Vine Stalker Skald)           Turns: 8369, Time: 00:44:33

Health: 0/53       AC: 12    Str: 25    XL:     10   Next: 21%
Magic:  1/21       EV: 13    Int: 16    God:    Sif Muna [**....]
Gold:   604        SH:  0    Dex: 18    Spells: 12/22 levels left

rFire    . . .     SeeInvis +   k - +2 dagger (drain)
rCold    . . .     Gourm    .   (no shield)
rNeg     . . .     Faith    .   q - +0 scale mail
rPois    .         Spirit   +   (helmet restricted)
rElec    .         Reflect  .   p - +2 cloak
rCorr    .         Harm     .   N - +1 pair of gloves
MR       +....                  R - +0 pair of boots
Stlth    ..........             (no amulet)
HPRegen  0.57/turn              w - +5 ring of strength
MPRegen  0.17/turn              C - +3 ring of dexterity

@: mighty, lethally poisoned (0 -> -12), infused, singing (expiring), very
slightly contaminated
A: fangs 3, horns 1, see invisible, regeneration 1, strong 1, wild magic 1,
magic shield, antimagic bite, no potion heal 3, rot immunity
a: Divine Energy, Renounce Religion


You were on level 8 of the Dungeon.
You worshipped Sif Muna.
Sif Muna was pleased with you.
You were not hungry.

You visited 2 branches of the dungeon, and saw 9 of its levels.
You also visited: Sewer.

You collected 604 gold pieces.

Inventory:

Hand Weapons
 k - a +2 dagger of draining (weapon)
 o - a +2 dagger of freezing
 D - a +0 blowgun
 F - a +1 short sword of draining
 L - a +0 vampiric short sword
 O - a +0 short sword of speed
 P - a +2 scimitar
Missiles
 E - 6 poisoned needles
Armour
 b - a +0 leather armour
 p - a +2 cloak (worn)
 q - a +0 scale mail (worn)
 r - a +0 ring mail
 u - a +2 plate armour of magic resistance
 v - a +0 pair of boots
 y - a +0 cloak
 B - a +0 buckler
 M - a +0 large shield
 N - a +1 pair of gloves (worn)
 R - a +0 pair of boots (worn)
Magical Staves
 J - an uncursed staff of death
Jewellery
 w - a +5 ring of strength (left hand)
 C - a +3 ring of dexterity (right hand)
Wands
 I - a wand of random effects (9)
 S - a wand of flame (15)
 T - a wand of scattershot (6)
Scrolls
 c - 2 scrolls of magic mapping
 e - 3 scrolls of immolation
 f - 8 scrolls of remove curse
 g - 2 scrolls of enchant weapon
 h - 2 scrolls of enchant armour {unknown}
 i - a scroll of blinking {unknown}
 j - 4 scrolls of identify
 l - 7 scrolls of teleportation
 n - a scroll of fear {unknown}
 z - a scroll of amnesia {unknown}
 Q - a scroll of vulnerability {unknown}
Potions
 a - 3 potions of brilliance {unknown}
 m - 4 potions of flight
 s - a potion of ambrosia {unknown}
 t - a potion of haste {unknown}
 x - 5 potions of agility {unknown}
 A - a potion of might
 G - 3 potions of magic {unknown}
 H - 2 potions of heal wounds {unknown}
Comestibles
 d - 15 rations
 K - 4 chunks of flesh


   Skills:
 + Level 5.7 Fighting
 + Level 7.2 Short Blades
 - Level 0.7 Armour
 + Level 4.5 Dodging
 + Level 6.8 Spellcasting
 - Level 6.0 Charms
 + Level 1.3 Summonings
 - Level 3.4 Necromancy
 - Level 0.1 Translocations


You had 12 spell levels left.
You knew the following spells:

 Your Spells              Type           Power        Failure   Level  Hunger
a - Infusion              Chrm           ####         4%          1    None
b - Song of Slaying       Chrm           ####....     6%          2    None
c - Shroud of Golubria    Chrm/Tloc      ###.......   19%         2    None
d - Regeneration          Chrm/Necr      ####......   19%         3    ##.....
e - Call Imp              Summ           ##......     34%         2    None

Your spell library contained the following spells:

 Spells                   Type           Power        Failure   Level  Hunger
 Summon Small Mammal      Summ           ##..         26%         1    None
 Spectral Weapon          Hex/Chrm       ###.....     34%         3    ##.....
 Call Canine Familiar     Summ           ##......     56%         3    ##.....
 Summon Guardian Golem    Hex/Summ       #.......     65%         3    ##.....
 Summon Ice Beast         Ice/Summ       #.......     96%         4    ####...
 Summon Lightning Spire   Summ/Air       #.......     96%         4    ####...


Dungeon Overview and Level Annotations

Branches:
Dungeon (8/15)             Temple (1/1) D:7
   Lair: D:8-11

Altars:
Ashenzari
Cheibriados
Dithmenos
Elyvilon
Fedhas
Gozag
Hepliaklqana
Kikubaaqudgha
Nemelex Xobeh
Okawaru
Qazlal
Ru
Sif Muna
Trog
Uskayaw
Vehumet
Wu Jian
Xom
Yredelemnul
The Shining One


Innate Abilities, Weirdness & Mutations

You have razor-sharp teeth.
Your natural rate of healing is unusually fast.
When hurt, damage is shared between your health and your magic reserves.
Your bite disrupts and absorbs the magic of your enemies.
Potions cannot restore your health.
You are immune to rotting.
You have a pair of small horns on your head.
You have supernaturally acute eyesight. (SInv)
Your muscles are strong. (Str +2)
Your spells are a little harder to cast, but a little more powerful.


Message History

The hornet stings you.
* * * LOW HITPOINT WARNING * * *
You are more poisoned.
You feel yourself slow down.
Unknown command.
As you read the scroll labeled NAHIUDABYS, it crumbles to dust.
It is a scroll of identify.
l - 7 scrolls of teleportation You feel yourself speed up.
You feel sick. The hornet stings you!
* * * LOW HITPOINT WARNING * * *
You shrug off the repeated paralysis!
The hornet barely misses you. The hornet stings you!
* * * LOW HITPOINT WARNING * * *
You are more poisoned.
You feel yourself slow down.
Unknown command.
Okay, then.
You feel very mighty all of a sudden.
You feel yourself speed up.
You die...

##### #.##.######
#.#.<.....#
#.#..####.# ##
#.#.......## #a# ##
#........... ##.#.#
###.........
#y#.######.......##
#y#.#...........#
###@###.###########
#.......# ###....##
######


You could see 2 hornets.

Vanquished Creatures
  A two-headed ogre (D:8)
  A hungry ghost (D:7)
  Menkaure (D:7)
  An ice beast (D:8)
  2 orc warriors
  2 necrophages
  A phantom (D:6)
  A sky beast (D:8)
  A black bear (D:8)
  An ogre (D:7)
  A centaur (D:7)
  Blork the orc (D:5)
  2 bullfrogs
  3 big kobolds
  2 scorpions
  A water moccasin skeleton (D:7)
  8 wights
  6 howler monkeys
  3 crimson imps
  3 hounds
  4 orc priests
  A jelly (D:7)
  A gnoll shaman (D:5)
  Jessica (D:3)
  2 iguanas (D:4)
  Natasha (thrice) (D:4)
  5 orc wizards
  3 worker ants
  7 gnolls
  7 adders
  A shadow imp (D:4)
  2 oozes
  An adder skeleton (D:7)
  6 worms
  2 dart slugs
  3 leopard geckos
  24 orcs
  5 ball pythons
  5 giant cockroaches
  12 goblins
  9 hobgoblins
  13 jackals
  25 kobolds
  2 quokkas
  8 bats
  5 frilled lizards
  A jackal skeleton (D:7)
  A leopard gecko skeleton (D:5)
  10 rats
  3 bushes (D:5)
214 creatures vanquished.

Vanquished Creatures (others)
  A human (D:8)
1 creature vanquished.

Grand Total: 215 creatures vanquished

Notes
Turn   | Place    | Note
-------+----------+-------------------------------------------
     0 | D:1      | Heatsaber the Vine Stalker Skald began the quest for the
                  | Orb.
     0 | D:1      | Reached XP level 1. HP: 11/11 MP: 4/4
    82 | D:1      | Reached XP level 2. HP: 10/15 MP: 6/6
    89 | D:1      | Learned a level 2 spell: Song of Slaying
   198 | D:1      | Reached skill level 2 in Short Blades
   711 | D:1      | Reached XP level 3. HP: 17/18 MP: 5/7
  1188 | D:2      | Found a basalt altar of Yredelemnul.
  1556 | D:2      | Learned a level 3 spell: Regeneration
  1679 | D:2      | Gained mutation: Your natural rate of healing is unusually
                  | fast. [Vine Stalker growth]
  1679 | D:2      | Reached XP level 4. HP: 23/23 MP: 4/8
  1697 | D:2      | Found an iron altar of Okawaru.
  1993 | D:3      | Found an opulent altar of Gozag.
  2219 | D:3      | Learned a level 2 spell: Shroud of Golubria
  2248 | D:3      | Noticed Jessica
  2272 | D:3      | Killed Jessica
  2272 | D:3      | Reached skill level 3 in Short Blades
  2272 | D:3      | Reached XP level 5. HP: 26/26 MP: 1/10
  2515 | D:3      | Found a bloodstained altar of Trog.
  2545 | D:3      | Found a blossoming altar of Fedhas.
  3137 | D:4      | Reached XP level 6. HP: 24/32 MP: 5/11
  3270 | D:4      | Found a deep blue altar of Sif Muna.
  3273 | D:4      | Became a worshipper of Sif Muna the Loreminder
  3440 | D:4      | Gained mutation: You have supernaturally acute eyesight.
                  | (SInv) [potion of mutation]
  3440 | D:4      | Gained mutation: Your spells are a little harder to cast,
                  | but a little more powerful. [potion of mutation]
  3440 | D:4      | Gained mutation: Your muscles are strong. (Str +2) [potion
                  | of mutation]
  3440 | D:4      | Gained mutation: You have a pair of small horns on your
                  | head. [potion of mutation]
  3688 | D:4      | Noticed Natasha
  3705 | D:4      | Killed Natasha
  3787 | D:4      | Reached skill level 4 in Short Blades
  3787 | D:4      | Reached skill level 1 in Necromancy
  3787 | D:4      | Reached XP level 7. HP: 31/35 MP: 10/13
  3861 | D:4      | Noticed Natasha
  3874 | D:4      | Killed Natasha
  3979 | D:4      | Noticed Natasha
  3990 | D:4      | Killed Natasha
  4053 | D:5      | Entered Level 5 of the Dungeon
  4240 | D:5      | Noticed Blork the orc
  4249 | D:5      | Killed Blork the orc
  4498 | D:5      | Gained mutation: You have razor-sharp teeth. [Vine Stalker
                  | growth]
  4498 | D:5      | Reached XP level 8. HP: 40/40 MP: 15/15
  4596 | D:5      | Reached skill level 5 in Short Blades
  4596 | D:5      | Reached skill level 5 in Charms
  4782 | D:5      | Reached * piety under Sif Muna
  4794 | D:5      | Found an opulent altar of Gozag.
  5517 | D:6      | Found a glowing drain.
  5557 | Sewer    | Entered a sewer
  5724 | Sewer    | Reached skill level 5 in Spellcasting
  5956 | D:6      | Found a shattered altar of Ashenzari.
  6645 | D:7      | Found a radiant altar of Vehumet.
  6653 | D:7      | Reached skill level 6 in Short Blades
  6653 | D:7      | Reached XP level 9. HP: 45/46 MP: 15/18
  6688 | D:7      | Found a staircase to the Ecumenical Temple.
  6728 | Temple   | Entered the Ecumenical Temple
  7069 | D:7      | Noticed Menkaure
  7080 | D:7      | Killed Menkaure
  7080 | D:7      | Reached ** piety under Sif Muna
  7713 | D:7      | Reached skill level 5 in Fighting
  7719 | D:7      | Found a hide-covered altar of Uskayaw.
  7791 | D:8      | Noticed a two-headed ogre
  7810 | D:8      | Killed a two-headed ogre
  7810 | D:8      | Reached skill level 7 in Short Blades
  7810 | D:8      | Reached XP level 10. HP: 11/51 MP: 7/20
  7978 | D:8      | Learned a level 2 spell: Call Imp
  8162 | D:8      | Reached skill level 1 in Summonings
  8180 | D:8      | Found an ancient bone altar of Kikubaaqudgha.
  8353 | D:8      | Paralysed by a hornet for 3 turns
  8364 | D:8      | Paralysed by a hornet for 2 turns
  8368 | D:8      | HP: 2/53 [hornet (4)]
  8369 | D:8      | Succumbed to a hornet's poison

Skill      XL: |  1  2  3  4  5  6  7  8  9 10 |
---------------+-------------------------------+-----
Short Blades   | 2 3 4 6 7 |  7.2
Fighting       | 2 3 4 5 |  5.7
Dodging        | 2 3 4 |  4.5
Spellcasting   | 3 4 5 6 |  6.8
Charms         | 4 5 6 |  6.0
Necromancy     | 1 3 |  3.4
Summonings     | 1 |  1.3
Armour         | |  0.7
Translocations | |  0.1

Action                   |  1- 3 |  4- 6 |  7- 9 | 10-12 || total
-------------------------+-------+-------+-------+-------++-------
Melee: Short sword       |   114 |   232 |   239 |       ||   585
       Bite              |    20 |    66 |   217 |    23 ||   326
       Headbutt          |       |    11 |   164 |    15 ||   190
       Dagger            |       |       |   271 |    51 ||   322
 Cast: Infusion          |    15 |    15 |    24 |     3 ||    57
       Regeneration      |       |     4 |     1 |       ||     5
       Shroud of Golubri |       |     3 |     2 |     3 ||     8
       Song of Slaying   |       |     2 |    10 |     2 ||    14
Evoke: Wand              |       |       |     1 |       ||     1
  Use: Potion            |       |     5 |       |     1 ||     6
       Scroll            |       |       |     4 |     1 ||     5
  Eat: Chunk             |     3 |     8 |    12 |     2 ||    25
       Ration            |       |       |     1 |       ||     1
Armor: Leather armour    |    21 |     3 |       |       ||    24
       Ring mail         |       |    40 |       |       ||    40
       Scale mail        |       |    43 |    73 |    28 ||   144
Dodge: Dodged            |    78 |   135 |   136 |    30 ||   379
